[Event "*** Titled Tuesday 3|2 Blitz"]
[Site "Chess.com"]
[Date "2015.07.07"]
[Round "7"]
[White "Lupul_Cenusiu"]
[Black "jbj"]
[Result "0-1"]
[WhiteElo "2377"]
[BlackElo "2293"]
[TimeControl "180+2"]
[EndTime "12:28:21 PDT"]
[Termination "jbj won by resignation"]

1. d4 Nf6 2. c4 e6 3. Nc3 Bb4 4. e3 O-O 5. Ne2 d6 6. a3 Bxc3+ 7. Nxc3 Nbd7 8. Bd3 b6 9. O-O Bb7 10. f3 e5 11. Qc2 a5 12. b3 Re8 13. Bd2 h6 14.
Rae1 exd4 15. exd4 c6 16. Ne4 Nxe4 17. fxe4 c5 18.
Bc3 cxd4 19. Bxd4 Ne5 20. Be2 Rc8 21. a4 Qh4 22. Bd1 d5 23. Bf2 Qd8 24. exd5 Bxd5 25.
Qd2 Ba8 26. Qxd8 Rcxd8 27. Bxb6 Rd2 28. Rf2 Nf3+ 29. Bxf3 Rxe1+ 30. Rf1 Rxf1+ 31. Kxf1 Bxf3 32. gxf3 Rd3 33. Bxa5 Rxf3+ 34. Ke2 Rxb3 35. c5 Ra3 36. c6 Rxa4 37. c7 Rc4 38. Kd3 Rc6 39. Kd4 Kf8 40.
Kd5 Rc2 41. Kd6 Ke8 42. Bb6 g6 43. Be3 g5 44. Bd4 f5 45. Bg7 h5 46. Bh6 g4 47.
Bg5 Rc4 48. Be3 h4 49. Bf2 g3 50. hxg3 h3 51. Bg1 Rc2 52. Bh2 Kf7 53. Kd7 Rd2+ 54.
Kc6 Rxh2 0-1

[Event "*** Titled Tuesday 3|2 Blitz"]
[Site "Chess.com"]
[Date "2015.07.07"]
[Round "7"]
[White "MasterLeif"]
[Black "BjarkeSahl"]
[Result "0-1"]
[WhiteElo "2265"]
[BlackElo "2123"]
[TimeControl "180+2"]
[EndTime "12:28:23 PDT"]
[Termination "BjarkeSahl won by resignation"]

1. e4 c5 2. Nf3 d6 3. d4 cxd4 4. Nxd4 Nf6 5. Nc3 a6 6. Bg5 e6 7. f4 Be7 8. Qf3 Qc7 9. O-O-O Nbd7 10. Bd3 b5 11. Rhe1 Bb7 12. Qg3 h6 13. Bxf6 Bxf6 14. Nf3 Bxc3 15. bxc3 Qxc3 16. Kb1 Nc5 17. Nd2 O-O-O 18.
Nb3 Na4 19. Kc1 g5 20. f5 Qb2+ 21. Kd2 Qc3+ 22. Kc1 Qb2+ 23. Kd2 Qe5 24. Qxe5 dxe5 25. fxe6 fxe6 26. Ke3 Rhf8 27. c4 Nb2 28. cxb5 Nxd1+ 29. Rxd1 axb5 30. Rc1+ Kb8 31. Bxb5 Rc8 32. Nc5 Ka7 33. a4 Rc7 34. Bd7 Bc8 35. Bb5 Bb7 36. Bd7 Rf4 37. g3 Rxe4+ 38. Kd3 Rd4+ 39. Ke2 Rdxd7 40.
a5 Rd5 41. Rf1 Rcxc5 42. Rf8 Rxa5 43. h4 Ra3 44. hxg5 hxg5 45. g4 Rg3 46. Kf2 Rxg4 47. Ke2 Ra4 48. Ke3 Rb5 49. Kd3 Rb3+ 50. Kc2 Rg3 51. Rh8 Rh4 0-1

[Event "*** Titled Tuesday 3|2 Blitz"]
[Site "Chess.com"]
[Date "2015.07.07"]
[Round "7"]
[White "jcibarra"]
[Black "Penguininja"]
[Result "1-0"]
[WhiteElo "2524"]
[BlackElo "2118"]
[TimeControl "180+2"]
[EndTime "12:28:39 PDT"]
[Termination "jcibarra won by resignation"]

1. e4 e5 2. Nf3 Nc6 3. Bb5 f5 4. d3 fxe4 5. dxe4 Nf6 6. O-O Bc5 7. Qd3 d6 8. Qc4 Qe7 9. Nc3 Bd7 10. Nd5 Nxd5 11.
exd5 Nd4 12. Bxd7+ Qxd7 13. Nxd4 Bxd4 14. a4 a6 15. Be3 Bxe3 16. fxe3 O-O-O 17. Rf3 Rhf8 18. Raf1 Qe7 19. Qe4 g6 20. Qg4+ Kb8 21. h3 Ka7 22. a5 Kb8 23. c3 Rde8 24. Kh2 Rd8 25. h4 Rde8 26. Kh3 Ka8 27. Qg5 Qd7+ 28. Qg4 Qe7 29. b4 Kb8 30. c4 c6 31. dxc6 bxc6 32. e4 Kc7 33. Kg3 Rb8 34. b5 axb5 35. cxb5 Rxf3+ 36. Rxf3 Rxb5 37. a6 Kb6 38. Qc8 Qc7 39. Qa8 Qa7 40.
Qd8+ Qc7 41. Qa8 Qa7 42. Qf8 Qxa6 43. Qxd6 Qc8 44. Rf8 Rb3+ 45. Kh2 Qg4 46. Qb8+ 1-0

[Event "*** Titled Tuesday 3|2 Blitz"]
[Site "Chess.com"]
[Date "2015.07.07"]
[Round "7"]
[White "alexsuper1987"]
[Black "matein28"]
[Result "0-1"]
[WhiteElo "2050"]
[BlackElo "2191"]
[TimeControl "180+2"]
[EndTime "12:29:01 PDT"]
[Termination "matein28 won by resignation"]

1. e4 d5 2. Nc3 dxe4 3. Nxe4 c6 4.
Bc4 Bf5 5. Ng3 Bg6 6. d4 e6 7. N1e2 Nd7 8. O-O Ngf6 9. f4 Nb6 10. Bd3 Bxd3 11. Qxd3 g6 12. f5 gxf5 13. Bg5 Be7 14. Nxf5 exf5 15. Qxf5 Nbd7 16. Ng3 O-O 17. Bh6 Kh8 18.
Rae1 Rg8 19. Ne4 Rg6 20. Ng5 Kg8 21. Qh3 Bf8 22. Nxf7 Qb6 23. Qe6 Qxd4+ 24. Be3 Qd5 25. Nh6+ Kh8 26. Nf7+ Kg7 27. Qh3 Qxf7 28. Bd4 Be7 29.
Re6 Rf8 30. Rfe1 Bd8 31. Qc3 Kg8 32. g3 c5 33. Bxc5 Nxc5 34. Qxc5 Bb6 35. Rxb6 axb6 36.
Qf2 Ng4 37. Qg2 Qf2+ 38. Qxf2 Nxf2 0-1

[Event "*** Titled Tuesday 3|2 Blitz"]
[Site "Chess.com"]
[Date "2015.07.07"]
[Round "7"]
[White "ChessWarrior7197"]
[Black "Cruel_Yaro"]
[Result "1-0"]
[WhiteElo "2329"]
[BlackElo "2476"]
[TimeControl "180+2"]
[EndTime "12:29:10 PDT"]
[Termination "ChessWarrior7197 won by resignation"]

1. e4 e6 2. d4 d5 3. Nd2 c5 4. exd5 Qxd5 5. Ngf3 cxd4 6. Bc4 Qd6 7. O-O Nf6 8. Nb3 Nc6 9. Nbxd4 Nxd4 10. Nxd4 a6 11. c3 Qc7 12. Bb3 Bd6 13. h3 O-O 14. Bc2 Be5 15.
Bg5 h6 16. Be3 Nd5 17. Qd3 f5 18. Rae1 Bd7 19. Bb3 Rad8 20. Bc1 Kh8 21. Rd1 Bxd4 22.
Qxd4 Bb5 23. Rfe1 Nf6 24. Qe3 Ne4 25. Bxe6 Rxd1 26. Rxd1 Bc6 27. Bb3 Ng5 28. Qf4 Qe7 29. Be3 Qe8 30. h4 Ne4 31. f3 Ng3 32. Qxg3 Qxe3+ 33.
Qf2 Qe7 34. Re1 Qf6 35. Qd4 Qg6 36. Re6 Qh5 37. Bd1 Qf7 38. Rxh6+ 1-0

[Event "*** Titled Tuesday 3|2 Blitz"]
[Site "Chess.com"]
[Date "2015.07.07"]
[Round "7"]
[White "Schemato"]
[Black "WanderingPuppet"]
[Result "0-1"]
[WhiteElo "2020"]
[BlackElo "2198"]
[TimeControl "180+2"]
[EndTime "12:29:20 PDT"]
[Termination "WanderingPuppet won on time"]

1. c4 Nf6 2. Nc3 g6 3. g3 Bg7 4. Bg2 O-O 5. e4 d6 6. Nge2 c5 7. O-O Nc6 8. d3 Rb8 9. h3 a6 10. a4 Nd7 11. Be3 Nd4 12. Rb1 b6 13. b4 Bb7 14.
Qd2 e6 15. Bh6 Bc6 16. Bxg7 Kxg7 17. Nxd4 cxd4 18. Ne2 e5 19. f4 Bxa4 20. Ra1 b5 21. fxe5 dxe5 22. c5 Rc8 23. h4 Rc6 24. Bh3 Nf6 25.
Kg2 Bb3 26. Ng1 Be6 27. Ra5 Bxh3+ 28. Nxh3 Ng4 29. Rfa1 Qf6 30. Qe2 Ne3+ 31. Kg1 h6 32. Qf2 Qe6 33. Qh2 f5 34. Nf2 f4 35. Qh3 fxg3 36. Qxg3 Rf4 37. R5a2 Qf6 38. Ra3 Rf3 39. Qh2 Rf4 40. R3a2 Rxh4 41. Qg3 Rf4 42. Qh2 Qg5+ 43.
Kh1 Rh4 44. Nh3 Qh5 0-1

[Event "*** Titled Tuesday 3|2 Blitz"]
[Site "Chess.com"]
[Date "2015.07.07"]
[Round "7"]
[White "Jahonas"]
[Black "Danirod"]
[Result "1-0"]
[WhiteElo "2126"]
[BlackElo "2384"]
[TimeControl "180+2"]
[EndTime "12:29:26 PDT"]
[Termination "Jahonas won by resignation"]

1. d4 Nf6 2. Nf3 e6 3. Nbd2 c5 4. dxc5 Bxc5 5. e3 Nc6 6. a3 a5 7. c4 d5 8. Be2 O-O 9. O-O b6 10. b3 Ba6 11. Bb2 Qe7 12. cxd5 Nxd5 13. Bxa6 Rxa6 14.
Qe2 Ra7 15. Ne4 Rc8 16. Nxc5 Qxc5 17. Rac1 Qd6 18. Rfd1 Qf8 19. e4 Nde7 20. Qb5 Rb7 21. g3 Qe8 22. Ne5 f6 23. Nxc6 Rxc6 24. Rxc6 Qxc6 25.
Qxc6 Nxc6 26. Rd6 Ne7 27. Rxe6 Kf7 28. Rd6 Nc8 29. Rc6 Ne7 30. Rd6 Nc8 31. Rd2 Rc7 32. f4 Ke7 33. Kf2 Nd6 34. Ke3 Rc6 35. e5 Nb7 36.
exf6+ gxf6 37. a4 Ke6 38. Ba3 Rc3+ 39. Rd3 Rc2 40. h4 h5 41. Ke4 Ra2 42. f5+ Kf7 43. Rd7+ Ke8 44. Rxb7 Rxa3 45. Rxb6 Ke7 46. Kd5 Ra2 47.
Rb7+ Kd8 48. Ke6 Rg2 49. Rg7 Rb2 50. Kxf6 Rxb3 51. Rg8+ Kd7 52. Kf7 Rb4 53. f6 Rxa4 54. Rg5 Ra3 55. Rxh5 Rxg3 56. Rxa5 Rh3 57. Rd5+ Kc6 58.
Rd4 Kc7 59. Ke7 Re3+ 60. Kf8 Rh3 61. f7 Rg3 62. Ke7 Re3+ 63. Kf6 Rf3+ 64. Kg6 Rg3+ 65. Kf5 Rf3+ 66. Rf4 1-0

[Event "*** Titled Tuesday 3|2 Blitz"]
[Site "Chess.com"]
[Date "2015.07.07"]
[Round "7"]
[White "nijat_a"]
[Black "Hikaru"]
[Result "0-1"]
[WhiteElo "2618"]
[BlackElo "2846"]
[TimeControl "180+2"]
[EndTime "12:29:33 PDT"]
[Termination "Hikaru won by resignation"]

1. e4 d6 2. d4 g6 3. Nc3 Bg7 4. Be3 c6 5. Qd2 b5 6. a3 a6 7.
h4 Nf6 8. f3 h5 9. Nh3 Nbd7 10.
Ng5 Nb6 11. O-O-O Qc7 12. Bd3 Rb8 13. e5 Nfd5 14. e6 f5 15. g4 Nc4 16. Bxc4 Nxe3 17.
Qxe3 bxc4 18. gxf5 Qb6 19. Nf7 Qxb2+ 20. Kd2 c5 21. dxc5 Rb3 22. Na4 Rxe3 23. Nxb2 Rxf3 24. cxd6 O-O 25. Nxc4 Rxf5 26. d7 Bxd7 27. exd7 R5xf7 28.
Kc1 Rd8 29. Rd3 Rf5 30. Kd2 Rc5 31. Nb6 Bh6+ 32. Kd1 Rb5 33. Rb3 Rxb3 34. cxb3 Be3 35.
Nc4 Rxd7+ 36. Ke2 Bf4 37. Kf3 e5 38. Ke2 Kf7 39. a4 Kf6 40. Rg1 Rd4 41. a5 Rd5 42. b4 Rd4 43. Nb6 Kf5 44. Rb1 Rd2+ 45. Kf1 Ra2 46.
Nd7 Be3 47. Nb8 Kg4 48. Nxa6 Kf3 49. Re1 Bd4 50. Rd1 Rf2+ 51. Ke1 Bc3+ 0-1

[Event "*** Titled Tuesday 3|2 Blitz"]
[Site "Chess.com"]
[Date "2015.07.07"]
[Round "7"]
[White "Viaje"]
[Black "armago"]
[Result "1-0"]
[WhiteElo "2231"]
[BlackElo "2143"]
[TimeControl "180+2"]
[EndTime "12:29:37 PDT"]
[Termination "Viaje won on time"]

1. d4 Nf6 2. c4 g6 3. Nc3 d5 4. cxd5 Nxd5 5. e4 Nxc3 6. bxc3 Bg7 7. Nf3 c5 8. Rb1 O-O 9. Be2 Nc6 10. d5 Ne5 11.
Nxe5 Bxe5 12. Qd2 e6 13. f4 Bc7 14. O-O exd5 15. exd5 Ba5 16. f5 Bxf5 17. Rxb7 Qh4 18. Rb5 Bc7 19. h3 Bxh3 20. Qg5 Qxg5 21. Bxg5 Bf5 22. Be7 Rfb8 23. Rxb8+ Rxb8 24. Bxc5 Be4 25. Bf3 Bxf3 26. gxf3 Be5 27. Bb4 Rc8 28. Rc1 f5 29. c4 Bd4+ 30. Kg2 Bc5 31. Ba5 Kf7 32. Rh1 h5 33. Re1 Be7 34. Rc1 g5 35. Bd2 g4 36.
Bf4 h4 37. fxg4 fxg4 38. d6 Bf6 39. c5 Rc6 40. Be3 Be5 41. Rd1 h3+ 42. Kg1 g3 43. d7 Bc7 44. d8=Q Bxd8 45. Rxd8 Re6 46. Rd3 Kf6 47. Bd2 h2+ 48. Kh1 Re2 49. Bc3+ Ke6 50.
Rxg3 Kd5 51. Bb4 Rxa2 52. Rc3 Kc6 53. Ba3 a5 54. Bc1 a4 55. Ba3 Re2 56. Rc4 1-0

[Event "*** Titled Tuesday 3|2 Blitz"]
[Site "Chess.com"]
[Date "2015.07.07"]
[Round "7"]
[White "Cryptochess"]
[Black "stepanosinovsky"]
[Result "1-0"]
[WhiteElo "2367"]
[BlackElo "2283"]
[TimeControl "180+2"]
[EndTime "12:29:46 PDT"]
[Termination "Cryptochess won by resignation"]

1. e4 b6 2. d4 Bb7 3. Bd3 e6 4. Ne2 Ne7 5. O-O d5 6. e5 Nbc6 7. f4 Qd7 8. c3 O-O-O 9. b4 f6 10. a4 h6 11. a5 Kb8 12. Nd2 fxe5 13. fxe5 g5 14.
Nb3 Nf5 15. g4 Nh4 16. Ng3 Bg7 17. Be3 Rhf8 18. Qe2 Rxf1+ 19. Rxf1 Rf8 20. Rxf8+ Bxf8 21. Qf2 Bg7 22. Nh5 Qe7 23. Bb5 a6 24. Bd3 Ka7 25. Nxg7 Qxg7 26. Qf6 Qxf6 27. exf6 Nd8 28. Bf2 Nf3+ 29.
Kg2 e5 30. Bg6 e4 31. f7 Ne6 32. Bf5 Nf8 33. Kg3 Kb8 34. Be3 Bc8 35. Nd2 Nh4 36.
Bxc8 Kxc8 37. axb6 cxb6 38. c4 a5 39. bxa5 bxa5 40. cxd5 a4 41. Nxe4 Kd8 42. d6 Nhg6 43. d5 Nh8 44. Nf6 Nd7 45. Nxd7 Kxd7 46. f8=Q 1-0

[Event "*** Titled Tuesday 3|2 Blitz"]
[Site "Chess.com"]
[Date "2015.07.07"]
[Round "7"]
[White "GMHess"]
[Black "KyronGriffith"]
[Result "1-0"]
[WhiteElo "2533"]
[BlackElo "2263"]
[TimeControl "180+2"]
[EndTime "12:30:01 PDT"]
[Termination "GMHess won by resignation"]

1. b3 e5 2. Bb2 Nc6 3. e3 Nf6 4. Bb5 Bd6 5. Ne2 a6 6. Bxc6 dxc6 7. Ng3 h5 8. Nc3 h4 9. Nge4 Bf5 10. Qf3 Bg6 11.
Nxf6+ Qxf6 12. Qxf6 gxf6 13. O-O-O O-O-O 14. d3 b5 15. Ne2 Kb7 16. d4 c5 17. dxe5 fxe5 18.
f3 f6 19. e4 Be7 20. Rxd8 Rxd8 21. g4 Bf8 22. Bc3 Bh6+ 23. Kb2 b4 24. Be1 Rd1 25. Rg1 Be3 26. Bf2 Rxg1 27. Bxg1 Bd4+ 28.
Nxd4 cxd4 29. h3 Kc6 30. Bf2 Kd6 31. a3 a5 32. a4 c5 33. Bxh4 Ke6 34. Bg3 Bh7 35.
Kc1 Kf7 36. Kd2 Kg6 37. Kd3 Bg8 38. f4 Kf7 39. fxe5 fxe5 40. Bxe5 Ke6 41. Bc7 Kd7 42. Bxa5 Be6 43. Bb6 Kc6 44. Bd8 Kd7 45.
Bf6 Kc6 46. a5 Kb5 47. Bd8 Bd7 48. Be7 Bc8 49. e5 Kc6 50. Bd6 Kd5 51. h4 Bxg4 52. a6 Bc8 53. a7 Bb7 54. h5 Ke6 55.
h6 Kf7 56. h7 Kg7 57. e6 Ba6+ 58. Kd2 1-0

[Event "*** Titled Tuesday 3|2 Blitz"]
[Site "Chess.com"]
[Date "2015.07.07"]
[Round "7"]
[White "Dlugy"]
[Black "zmaj23"]
[Result "1-0"]
[WhiteElo "2557"]
[BlackElo "2454"]
[TimeControl "180+2"]
[EndTime "12:30:42 PDT"]
[Termination "Dlugy won by resignation"]

1. d4 c5 2. d5 f5 3. g3 e5 4. Bg2 d6 5. Nc3 Nf6 6. e4 Be7 7. exf5 Bxf5 8. Nge2 O-O 9. O-O Nbd7 10. h3 a6 11. a4 Rb8 12. g4 Bg6 13. f4 h6 14.
f5 Bf7 15. a5 b5 16. axb6 Qxb6 17. Kh1 Nh7 18. Qd3 a5 19. b3 Bg5 20. Ne4 Bxc1 21.
Rfxc1 Nhf6 22. N2g3 Nxe4 23. Nxe4 Be8 24. Qd2 Ra8 25.
Ra2 Nf6 26. Rca1 a4 27. bxa4 Nxe4 28. Bxe4 Ra5 29. c4 Qa6 30. Bc2 Bd7 31. Qd3 Rf6 32. Qc3 Rf8 33. Rb1 Bc8 34. Rb5 Rxb5 35. cxb5 Qa8 36.
Be4 g6 37. a5 Bd7 38. b6 Qa6 39. Bd3 Bb5 40. Bxb5 Qxb5 41. Ra1 c4 42. Qf3 Qb2 43. Rf1 Qb5 44. Qe3 Qxd5+ 45. Kg1 Qxa5 46. Qxh6 Qxb6+ 47. Kh2 Qb2+ 48. Kg3 Qc3+ 49. Kh4 gxf5 50. gxf5 Qd4+ 51.
Kh5 Rf7 52. Qg6+ Rg7 53. Qe8+ Kh7 54. f6 Qd3 55. fxg7 Qxh3+ 56. Kg5 Qg3+ 57. Kf6 Qxg7+ 58.
Ke6 Qg4+ 59. Rf5 Qg6+ 60. Qxg6+ Kxg6 61. Rf1 e4 62. Kxd6 e3 63. Ke5 c3 64. Ke4 1-0

[Event "*** Titled Tuesday 3|2 Blitz"]
[Site "Chess.com"]
[Date "2015.07.07"]
[Round "7"]
[White "1random"]
[Black "Recombinant"]
[Result "1/2-1/2"]
[WhiteElo "1990"]
[BlackElo "2100"]
[TimeControl "180+2"]
[EndTime "12:30:52 PDT"]
[Termination "Game drawn by stalemate"]

1. e4 c5 2. d4 cxd4 3. c3 g6 4. Nf3 Bg7 5. Bc4 Nf6 6. e5 Ng4 7. cxd4 d5 8. exd6 Qxd6 9. O-O Nc6 10. Be3 O-O 11. h3 Nxe3 12. fxe3 Na5 13. Bd3 Qg3 14. Qe1 Qxe1 15. Rxe1 e6 16. Nc3 b6 17. Be4 Rb8 18. Rac1 Bb7 19. Bxb7 Nxb7 20. Nb5 a6 21. Na3 Rbc8 22. Nc4 b5 23. Nb6 Rxc1 24. Rxc1 Nd6 25. Rc6 Nf5 26. Kf2 Rb8 27. Nd7 Rd8 28. Nc5 a5 29.
Rb6 Nd6 30. Nd2 a4 31. Nde4 Nxe4+ 32. Nxe4 Rd5 33. Nc3 Rf5+ 34. Ke2 e5 35. e4 Rg5 36. d5 Rxg2+ 37. Kf3 Rxb2 38. Rxb5 Rxb5 39. Nxb5 Bf8 40. Nc3 a3 41. Nb5 f6 42. Ke3 Kf7 43.
Kd3 Ke8 44. Kc4 Kd7 45. Nc3 h5 46. Ne2 f5 47. Ng3 h4 48. Nf1 fxe4 49. Nd2 e3 50. Nf3 e2 51. Nxe5+ Kd6 52. Nf3 Bh6 53. Kd3 Kxd5 54.
Kxe2 g5 55. Kd3 Kc5 56. Ke4 Kc4 57. Kf5 Kc3 58. Kg6 Bf8 59. Kxg5 Be7+ 60. Kg4 Kb2 61. Nd4 Kxa2 62. Nb5 Kb3 63. Nxa3 Kxa3 64. Kf3 Kb2 65.
Kg2 Kc1 66. Kh1 Kd1 67. Kg1 Ke1 68. Kh1 Kf1 69. Kh2 Bd6+ 70. Kh1 Bc5 71. Kh2 Kf2 72. Kh1 Kf3 73. Kh2 Bd6+ 74. Kh1 Kg3 75. Kg1 Kxh3 76. Kh1 Bc5 1/2-1/2

[Event "*** Titled Tuesday 3|2 Blitz"]
[Site "Chess.com"]
[Date "2015.07.07"]
[Round "7"]
[White "VSERGUEI"]
[Black "wonderfultime"]
[Result "1/2-1/2"]
[WhiteElo "2555"]
[BlackElo "2570"]
[TimeControl "180+2"]
[EndTime "12:31:12 PDT"]
[Termination "Game drawn - insufficient material"]

1. d4 d5 2. c4 c6 3. e3 Nf6 4. Nf3 Bf5 5. Nc3 e6 6. Nh4 Be4 7. f3 Bg6 8. g3 Be7 9. Bd2 Nbd7 10.
Rc1 O-O 11. Nxg6 hxg6 12. Kf2 e5 13. cxd5 cxd5 14. Kg2 a6 15. Qb3 exd4 16. exd4 Nb6 17. a4 Rc8 18. a5 Nc4 19. Bxc4 Rxc4 20. Qxb7 Rb4 21. Qxa6 Rxb2 22. Rhd1 Bb4 23. Kh1 Bxa5 24. Ra1 Rxd2 25. Qxa5 Rxd1+ 26. Nxd1 Qe7 27. Qd2 Re8 28.
Nf2 Qe2 29. Qxe2 Rxe2 30. Kg2 g5 31. h3 Rd2 32. Rd1 Rc2 33. g4 Nd7 34. Kg3 Nf8 35.
Nd3 Ng6 36. Nb4 Re2 37. Nxd5 Nh4 38. Rg1 Rd2 39. Ne7+ Kf8 40. Nf5 Nxf5+ 41. gxf5 Rxd4 42. Re1 Rf4 43. Re5 f6 44. Ra5 Kg8 45. Rb5 Kh7 46. Rc5 Ra4 47. Rb5 Ra7 48. Rc5 Kg8 49. Rb5 Kf7 50.
Rc5 Ke7 51. Rb5 Kd6 52. Kg4 Kc6 53. Rb4 Kd5 54. Kh5 Ra3 55. Kg6 Rxf3 56. Rb7 Ke5 57. Re7+ Kf4 58. Rxg7 Ra3 59. Re7 Rxh3 60. Kxf6 g4 61.
Kg6 g3 62. Re1 g2 63. Rg1 Rg3+ 64. Kf6 Rg5 65. Ke6 Kf3 66. f6 Rg6 67. Ke7 Kf2 68. Rxg2+ Kxg2 69. f7 Rg7 70. Ke8 Rxf7 71. Kxf7 1/2-1/2

[Event "*** Titled Tuesday 3|2 Blitz"]
[Site "Chess.com"]
[Date "2015.07.07"]
[Round "7"]
[White "Bab3s"]
[Black "goldaxe"]
[Result "1/2-1/2"]
[WhiteElo "2159"]
[BlackElo "2143"]
[TimeControl "180+2"]
[EndTime "12:31:32 PDT"]
[Termination "Game drawn - insufficient material"]

1. e4 e5 2. Nf3 Nc6 3. Bb5 a6 4. Ba4 Nf6 5. d3 b5 6. Bb3 Bc5 7. O-O d6 8. c3 Bb6 9. Nbd2 O-O 10. Re1 Be6 11. Nf1 Bxb3 12. axb3 h6 13. Be3 Bxe3 14. Nxe3 d5 15. Nxd5 Nxd5 16. exd5 Qxd5 17. b4 a5 18.
bxa5 Rxa5 19. Rxa5 Nxa5 20. Rxe5 Qd7 21. b4 Nb7 22. d4 Nd6 23. h3 Ra8 24. Re2 Qc6 25.
Qd3 Ra3 26. Re3 Nc4 27. Re7 Ra1+ 28. Re1 Ra3 29. Ne5 Nxe5 30. dxe5 Rxc3 31. Qd8+ Kh7 32. Qf8 Qd5 33. e6 fxe6 34. Qf7 Qf5 35. Qxe6 Qxe6 36. Rxe6 Rc4 37. Re7 Kg6 38. g4 Kf6 39. Rd7 g5 40. Kg2 Ke6 41. Rh7 Ke5 42. Kg3 Rc6 43. Re7+ Kd5 44.
Re2 Rc3+ 45. f3 Kc4 46. Re4+ Kb3 47. h4 gxh4+ 48. Kxh4 Rxf3 49. Re7 c6 50. Re6 Rc3 51. Rxh6 Kxb4 52. g5 c5 53. g6 Rc1 54. g7 Rh1+ 55. Kg5 Rg1+ 56. Kf6 Rxg7 57. Kxg7 c4 58. Kf6 Kc3 59.
Ke5 b4 60. Rh3+ Kc2 61. Kd4 c3 62. Kc4 Kd2 63. Rh2+ Kd1 64. Rh1+ Kd2 65. Kxb4 c2 66. Rh2+ Kd1 67. Rh1+ Kd2 68. Kb3 c1=Q 69. Rxc1 Kxc1 1/2-1/2

[Event "*** Titled Tuesday 3|2 Blitz"]
[Site "Chess.com"]
[Date "2015.07.07"]
[Round "7"]
[White "MinhGTrAn"]
[Black "AlexanderL"]
[Result "1/2-1/2"]
[WhiteElo "2588"]
[BlackElo "2533"]
[TimeControl "180+2"]
[EndTime "12:31:53 PDT"]
[Termination "Game drawn by repetition"]

1. d4 e6 2. c4 Nf6 3. Nf3 d5 4.
Nc3 Bb4 5. Qa4+ Nc6 6. a3 Bxc3+ 7. bxc3 Ne4 8. Bb2 O-O 9. e3 Bd7 10. Qc2 b6 11. Bd3 Na5 12. Ne5 f5 13. O-O Nd6 14.
cxd5 exd5 15. c4 dxc4 16. Nxc4 Ndxc4 17. Bxc4+ Nxc4 18. Qxc4+ Rf7 19. d5 Qe8 20. Rfd1 Rc8 21. Rac1 c5 22. dxc6 Bxc6 23. Qf4 h6 24. f3 Kh7 25. h4 Bb7 26. Kh2 Rxc1 27. Rxc1 Qd8 28. Bd4 Qe7 29. Rc3 Qd7 30. h5 Re7 31. Qb8 Bc6 32.
Qf8 Rf7 33. Qb8 f4 34. exf4 Qxd4 35. Rxc6 Qxf4+ 36. Qxf4 Rxf4 37. Kg3 Rf5 38. Kh4 Rf4+ 39. Kg3 Ra4 40. Rc3 Kg8 41. Kh3 Kf7 42. g4 Ke6 43. Kg3 b5 44. Rc6+ Kf7 45. Rc7+ Kg8 46. Rc8+ Kh7 47. Rc3 a6 48. Rd3 Rc4 49. Re3 Ra4 50. Rd3 Kg8 51. Rd8+ Kf7 52. Rd7+ Kf8 53. Rd3 Ke7 54.
Rc3 Kd6 55. Rd3+ Kc6 56. Rc3+ Kb6 57. Re3 a5 58. Re7 Rxa3 59. Rxg7 b4 60. g5 hxg5 61.
h6 Ra1 62. Kg2 Ra2+ 63. Kg3 Ra1 64. Kg2 Ra2+ 65. Kg3 Ra1 66. Kh2 Ra2+ 67. Kg1 Ra1+ 68. Kg2 Ra2+ 69. Kg3 Ra1 70. Kh2 Ra2+ 71. Kh3 Ra1 72.
Kg2 Ra2+ 73. Kg3 Ra1 1/2-1/2

[Event "*** Titled Tuesday 3|2 Blitz"]
[Site "Chess.com"]
[Date "2015.07.07"]
[Round "8"]
[White "lukas_111111"]
[Black "armago"]
[Result "1-0"]
[WhiteElo "2185"]
[BlackElo "2136"]
[TimeControl "180+2"]
[EndTime "12:38:07 PDT"]
[Termination "lukas_111111 won by resignation"]

1. e4 c5 2. Nf3 Nc6 3. Bb5 g6 4.
O-O Bg7 5. Nc3 Nd4 6. Ba4 e6 7.
Nxd4 cxd4 8. Nb5 Qb6 9. c3 a6 10. Nxd4 Bxd4 11. cxd4 Qxd4 12. d3 Ne7 13. Be3 Qxb2 14.
Rb1 Qa3 15. Qc2 b5 16. Bb3 Bb7 17. Qc7 Bc6 18. Qe5 Rg8 19. Bc5 Qa5 20. d4 Qd8 21. d5 Bb7 22. Rbd1 Nc8 23. dxe6 d6 24. exf7+ 1-0

[Event "*** Titled Tuesday 3|2 Blitz"]
[Site "Chess.com"]
[Date "2015.07.07"]
[Round "8"]
[White "KyronGriffith"]
[Black "Penguininja"]
[Result "0-1"]
[WhiteElo "2252"]
[BlackElo "2129"]
[TimeControl "180+2"]
[EndTime "12:38:21 PDT"]
[Termination "Penguininja won by resignation"]

1. e4 e5 2. Nf3 Nc6 3. Bb5 f5 4. Nc3 fxe4 5. Nxe4 Nf6 6. Qe2 d5 7. Nxf6+ gxf6 8. Nd4 Bd7 9. Qh5+ Ke7 10. Bxc6 bxc6 11. Nb3 Qe8 12. Qf3 Qg6 13. d3 Rg8 14. g3 Bg4 15.
Qe3 Kd7 16. Qd2 Bf3 17. Rg1 h5 18. h4 Bg4 19. Qa5 Qf5 20. Be3 Qf3 21. Kf1 d4 22. Bd2 Bh3+ 23. Ke1 Bg4 24. Kf1 Qe2+ 25. Kg2 Bf3+ 26. Kh3 Qxf2 0-1

[Event "*** Titled Tuesday 3|2 Blitz"]
[Site "Chess.com"]
[Date "2015.07.07"]
[Round "8"]
[White "matein28"]
[Black "AlexCn1"]
[Result "1-0"]
[WhiteElo "2208"]
[BlackElo "2038"]
[TimeControl "180+2"]
[EndTime "12:38:36 PDT"]
[Termination "matein28 won by resignation"]

1. d4 Nf6 2. c4 g6 3. g3 Bg7 4.
Bg2 d5 5. cxd5 Nxd5 6. e4 Nb6 7.
Ne2 O-O 8. O-O c5 9. d5 e6 10.
Nbc3 exd5 11. Nxd5 Nxd5 12. exd5 Na6 13. Nc3 Bf5 14. Qb3 Nb4 15. a3 Nc2 16. Rb1 Nd4 17. Qxb7 Bxb1 18. Nxb1 Ne2+ 19. Kh1 Qb6 20. Qxb6 axb6 21.
Bg5 f6 22. Be3 Rfd8 23. Nd2 f5 24. Bg5 Rd7 25. Nc4 Rb8 26. Re1 Nd4 27. Bf4 Rbb7 28. d6 Rb8 29. Bd5+ Kh8 30. Re7 Rxe7 31. dxe7 Re8 32.
Bg5 h6 33. Nd6 Rb8 34. Bf4 Kh7 35. e8=Q Rxe8 36. Nxe8 Ne2 37. Nxg7 Kxg7 38. Be5+ Kh7 1-0

[Event "*** Titled Tuesday 3|2 Blitz"]
[Site "Chess.com"]
[Date "2015.07.07"]
[Round "8"]
[White "alexsuper1987"]
[Black "chessloveyou"]
[Result "1-0"]
[WhiteElo "2058"]
[BlackElo "1977"]
[TimeControl "180+2"]
[EndTime "12:38:39 PDT"]
[Termination "alexsuper1987 won by resignation"]

1. e4 c6 2. d4 d5 3. Nc3 dxe4 4. Nxe4 Bf5 5. Ng3 Bg6 6. Bc4 e6 7. N1e2 Bd6 8. O-O Nf6 9. f4 O-O 10. f5 exf5 11. Nxf5 Bc7 12. Qe1 Re8 13. Bd3 Nbd7 14. Qh4 Bb6 15. Bg5 c5 16. Kh1 cxd4 17. Neg3 Qc7 18. Nxg7 Kxg7 19. Rxf6 Qe5 20. Qh6+ Kg8 21. Nh5 Bxh5 22. Bxh7+ Kh8 23. Bg6+ 1-0

[Event "*** Titled Tuesday 3|2 Blitz"]
[Site "Chess.com"]
[Date "2015.07.07"]
[Round "8"]
[White "TheLancer"]
[Black "Dr-Bassem"]
[Result "0-1"]
[WhiteElo "2279"]
[BlackElo "2481"]
[TimeControl "180+2"]
[EndTime "12:39:05 PDT"]
[Termination "Dr-Bassem won by resignation"]

1. e4 e5 2. Nf3 Nc6 3. Bb5 a6 4. Ba4 Nf6 5. O-O Be7 6. Re1 b5 7. Bb3 d6 8. c3 O-O 9. a4 b4 10.
a5 h6 11. h3 Be6 12. d4 Bxb3 13.
Qxb3 bxc3 14. bxc3 Qb8 15. Qc4 Qb5 16. Na3 Qxc4 17. Nxc4 exd4 18. cxd4 d5 19. exd5 Nxd5 20. Nfe5 Nxd4 21. Rd1 Nc3 22. Rd3 Nc2 23. Rxc3 Nxa1 24. Ne3 Bf6 25. f4 Rab8 26. Rxc7 Bxe5 27. fxe5 Rfc8 28. Rxc8+ Rxc8 29. Bb2 Nb3 30. Nd5 Rc5 31. Ne7+ Kh7 32. Nf5 Nxa5 33. g4 Nc4 34. Bd4 Rd5 35. e6 fxe6 0-1

[Event "*** Titled Tuesday 3|2 Blitz"]
[Site "Chess.com"]
[Date "2015.07.07"]
[Round "8"]
[White "Schemato"]
[Black "Bab3s"]
[Result "1-0"]
[WhiteElo "2031"]
[BlackElo "2148"]
[TimeControl "180+2"]
[EndTime "12:39:16 PDT"]
[Termination "Schemato won by resignation"]

1. c4 e5 2. g3 Nc6 3. Nc3 Nf6 4. Bg2 Bc5 5. e3 d6 6. Nge2 O-O 7. O-O Re8 8. h3 Bd7 9. d4 Bb6 10. a3 exd4 11.
exd4 Bf5 12. b4 a6 13. Bg5 h6 14. Bxf6 Qxf6 15. Nd5 Qe6 16. Nef4 Qd7 17. c5 Ba7 18. Qd2 Rad8 19. Rfe1 dxc5 20. dxc5 Ne5 21. Qc3 Ng6 22. Nh5 Rxe1+ 23. Rxe1 f6 24. Ndxf6+ gxf6 25. Nxf6+ Kf7 26. Nxd7 Rxd7 27. Qf3 1-0

[Event "*** Titled Tuesday 3|2 Blitz"]
[Site "Chess.com"]
[Date "2015.07.07"]
[Round "8"]
[White "Tirantes"]
[Black "Viaje"]
[Result "0-1"]
[WhiteElo "2209"]
[BlackElo "2246"]
[TimeControl "180+2"]
[EndTime "12:39:20 PDT"]
[Termination "Viaje won on time"]

1. c4 c5 2. Nf3 Nc6 3. Nc3 e5 4. g3 g6 5. Bg2 Bg7 6. O-O d6 7. Ne1 Be6 8. d3 Nge7 9. Nc2 d5 10. cxd5 Nxd5 11. Ne3 Nb6 12. Ne4 Qe7 13. Qc2 Nd4 14.
Qxc5 Nxe2+ 15. Kh1 Rc8 16. Nd6+ Kd7 17. Qb5+ Kxd6 18.
a4 Nd4 19. Qa5 Qc7 20. b3 Nc6 21. Ba3+ Kd7 22. Qd2 Rhd8 23. f4 Ke8 24. f5 gxf5 25. Nxf5 Bxf5 26. Rxf5 Nd4 27. Rff1 f6 28. Qd1 Kf7 29.
Be4 Kg8 30. Qh5 f5 31. Rxf5 Nxf5 0-1